[Event "NJSK 2018 Jeugd B"]
[Site "Assen, Netherlands"]
[Date "2018.05.05"]
[Round "7.7"]
[White "Achuthan, Dylan"]
[Black "Ypma, Jord"]
[Result "1/2-1/2"]
[TimeControl "40/90m+30m+30sec/move"]
[WhiteElo "1673"]
[BlackElo "1737"]

1. e4 c5 2. Nf3 g6 3. c3 Bg7 4. d4 cxd4 5. cxd4 d5 6. e5 Nc6 7. Nc3 Nh6 8. Bd3 Bg4 9. Be3 e6 10.
Qd2 Nf5 11. Bxf5 Bxf5 12. O-O O-O 13. Ne1 f6 14. f4 g5 15. g3 h6 16. Nd3 1/2-1/2

[Event "NJSK 2018 Jeugd B"]
[Site "Assen, Netherlands"]
[Date "2018.05.05"]
[Round "7.8"]
[White "Gevorkjan, Lewon"]
[Black "Noordenbos, Daan"]
[Result "1/2-1/2"]
[TimeControl "40/90m+30m+30sec/move"]
[WhiteElo "1821"]
[BlackElo "1763"]

1. Nf3 Nf6 2. e3 g6 3. b3 Bg7 4. Bb2 O-O 5. c4 d6 6. Nc3 b6 7. Be2 Bb7 8. O-O Ne4 9. Qc2 Nxc3 10.
Bxc3 e5 11. d4 Qe7 12. Rfe1 f5 13. Rad1 Nd7 14. dxe5 Nxe5 15. Nxe5 dxe5 16. Rd2 Rfd8 17. Red1 Rxd2 18. Rxd2 Rd8 19.
Qd1 Rxd2 20. Qxd2 Qd6 21. Qb2 Qe7 22. Bf1 c5 23. g3 e4 24. Bxg7 Qxg7 25. Qa3 Bc6 26. b4 cxb4 27. Qxb4 Qf8 28.
Qd2 Qf6 29. Qc1 Qe7 30. Qc3 Qd6 31. Qb3 Qc5 32. Qd1 Qe7 33. Qd4 Qd7 34. Qe5 Kf7 35. Qh8 Ke6 36. Qb8 Qb7 37. Qg8+ Qf7 38.
Qc8+ Qd7 39. Qa6 Qb7 40. Qa3 Qe7 41. Qc1 Kd7 42. Qd1+ Qd6 43. Qb3 Kc7 44. Qc3 Qe7 45. Qd4 Qd6 46.
Qg7+ Qd7 47. Qf8 Qd6 48. Qg8 Qe7 49. Qh8 Qd7 50. h4 Qe7 51. a4 Qd7 52. a5 bxa5 53. Qc3 a4 54. c5 Kb8 55.
Ba6 Bb7 56. Qb4 Qd1+ 57. Kg2 Qb3 58. Qa5 Bxa6 59. Qxa6 Qd1 60. c6 Qb3 61. Qa5 Qb6 62. Qe5+ Qc7 63. Qb5+ Qb6 64. Qe5+ Qc7 65.
Qh8+ Qc8 66. c7+ Kb7 67. Qxh7 Qe6 68. Qh8 Kxc7 69. Qd4 Qa6 70. Qg7+ Kd8 71. Qf8+ Kc7 72. Qf7+ Kd8 73. Qf8+ 1/2-1/2